Map: Dusk Towers

Players

SnuteFangirl - Winner!

  • Race: Terran Terran
  • League: Master

SolarLife

  • Race: Zerg Zerg
  • League: Master

VOD

Have the link to the VOD?

Description

Time

  • Played on: March 31, 2016, 7:59 p.m.
  • Length: 23:29
Show
View Real Time Build Order
Export as new Build Order

SnuteFangirl Terran - Winner!

Build Orders: Mech 

Get SALT Encoding   

  12  0:01  SCV  
  13  0:13  SCV  
  14  0:18  Supply Depot  
  14  0:25  SCV  
  15  0:39  SCV  
  15  0:41  Barracks  
  16  0:45  Refinery  
  16  0:51  SCV  
  17  1:03  SCV  
  18  1:15  SCV  
  19  1:33  Orbital Command  
  19  1:34  Barracks Reactor  
  19  1:43  Command Center  
  19  1:53  Supply Depot  
  19  1:59  SCV  
  20  2:11  Marine x2  
  20  2:14  SCV  
  23  2:18  Factory  
  23  2:26  SCV  
  23  2:29  Marine x2  
  26  2:37  Refinery  
  26  2:38  SCV  
  27  2:47  Marine x2  
  27  2:50  SCV  
  30  2:57  Orbital Command  
  30  3:02  Factory Tech Lab, SCV  
  31  3:10  Marine x2  
  33  3:14  SCV  
  33  3:19  Factory  
  34  3:24  Siege Tank  
  34  3:26  SCV x2  
  39  3:38  SCV x2  
  39  3:39  Marine  
  39  3:40  Supply Depot  
  41  3:46  Bunker  
  41  3:50  SCV  
  41  3:51  SCV  
  43  3:57  Siege Tank  
  43  4:02  SCV  
  47  4:11  Command Center  
  47  4:13  Widow Mine  
  47  4:14  Widow Mine  
  51  4:18  SCV  
  51  4:21  SCV  
  51  4:24  Armory  
  53  4:31  SCV  
  54  4:37  Supply Depot  
  54  4:41  Refinery  
  54  4:51  Engineering Bay  
  54  4:52  Barracks Reactor  
  54  4:53  Supply Depot  
  54  4:59  Siege Tank, SCV x2  
  59  5:01  Refinery, Supply Depot  
  59  5:11  SCV x2  
  61  5:14  Widow Mine  
  61  5:16  Supply Depot  
  63  5:23  SCV x2  
  63  5:25  Supply Depot  
  65  5:31  Siege Tank  
  65  5:34  Factory  
  66  5:52  Widow Mine x2  
  66  5:55  Drilling Claws  
  70  6:01  SCV x2  
  70  6:03  Widow Mine  
  74  6:05  Orbital Command  
  74  6:13  SCV  
  74  6:16  SCV  
  76  6:18  Supply Depot  
  76  6:20  Widow Mine x2, Supply Depot  
  76  6:21  Barracks Reactor  
  76  6:23  Factory  
  76  6:25  SCV  
  81  6:29  SCV  
  81  6:31  SCV  
  83  6:35  Widow Mine x2  
  83  6:37  SCV  
  83  6:39  Siege Tank  
  91  6:41  SCV  
  91  6:44  SCV  
  91  6:46  Missile Turret  
  93  6:47  Missile Turret  
  93  6:49  Missile Turret, SCV  
  93  6:53  SCV  
  95  6:56  SCV  
  95  7:00  Missile Turret  
  96  7:01  SCV  
  96  7:05  SCV  
  96  7:07  Barracks Reactor, Missile Turret  
  96  7:08  Missile Turret, SCV  
  99  7:11  Refinery  
  99  7:13  SCV  
  96  7:17  SCV  
  96  7:20  Widow Mine x5  
  107  7:26  Missile Turret  
  107  7:31  SCV x2  
  107  7:36  SCV  
  110  7:38  Missile Turret  
  110  7:43  Refinery, SCV  
  110  7:44  Missile Turret  
  111  7:47  Starport  
  111  7:48  Widow Mine  
  113  7:53  Widow Mine x3  
  113  7:57  Widow Mine  
  121  7:58  SCV  
  121  8:05  Supply Depot  
  122  8:09  Supply Depot  
  122  8:10  Supply Depot, SCV  
  122  8:11  Widow Mine  
  125  8:21  Factory  
  125  8:24  Supply Depot x2  
  125  8:27  Widow Mine  
  125  8:28  Supply Depot  
  127  8:41  Widow Mine  
  127  8:43  Command Center  
  127  8:45  Widow Mine  
  129  8:50  Widow Mine x2  
  129  8:54  Widow Mine  
  129  8:55  Widow Mine x2  
  135  9:10  Widow Mine  
  135  9:12  Missile Turret, SCV  
  135  9:14  Widow Mine  
  135  9:16  Fusion Core  
  140  9:17  Starport Tech Lab  
  140  9:19  Widow Mine x2  
  140  9:23  Widow Mine x2  
  148  9:28  Widow Mine  
  122  9:38  Widow Mine  
  122  9:40  Factory  
  122  9:42  Widow Mine  
  122  9:44  SCV x2  
  128  9:47  Widow Mine x2  
  128  9:49  Supply Depot  
  128  9:51  Widow Mine x3  
  128  9:52  Widow Mine, Factory  
  140  9:56  Widow Mine  
  142  10:07  Behemoth Reactor, Widow Mine  
  142  10:11  Widow Mine  
  146  10:16  Widow Mine x2  
  146  10:19  Widow Mine x2  
  146  10:20  Widow Mine x2  
  154  10:34  Widow Mine  
  154  10:35  Widow Mine x2  
  146  10:40  Widow Mine  
  150  10:44  Widow Mine x2  
  150  10:48  Widow Mine x2  
  144  10:56  Widow Mine  
  144  10:57  Widow Mine  
  136  11:03  Widow Mine x2  
  136  11:04  Widow Mine, Weapon Refit  
  142  11:09  Widow Mine  
  146  11:12  Command Center  
  146  11:13  Widow Mine x2  
  146  11:16  Widow Mine x2  
  154  11:25  Widow Mine x2  
  148  11:31  Widow Mine  
  148  11:32  Widow Mine x2  
  162  11:33  Battlecruiser  
  164  11:46  Widow Mine x4  
  172  11:51  Command Center  
  172  11:54  Siege Tank  
  172  12:01  Widow Mine x4  
  175  12:06  Factory Reactor  
  183  12:14  Widow Mine x4  
  191  12:26  Widow Mine  
  191  12:29  Widow Mine  
  189  12:30  Widow Mine  
  172  12:53  Widow Mine x6  
  172  12:54  Widow Mine x3  
  172  12:58  Widow Mine  
  190  13:00  Battlecruiser  
  190  13:02  Starport  
  190  13:03  Starport, Widow Mine  
  190  13:05  Starport  
  172  13:14  Planetary Fortress  
  164  13:21  Widow Mine x2  
  164  13:26  SCV x3  
  171  13:27  Refinery x2  
  171  13:29  Widow Mine x4  
  179  13:38  SCV  
  179  13:39  Factory Reactor, Widow Mine x3  
  179  13:40  Widow Mine x2  
  172  13:50  Widow Mine x2  
  130  13:57  Widow Mine x2  
  130  13:58  Widow Mine x2  
  138  14:04  Starport Tech Lab x3  
  138  14:08  Widow Mine x5  
  144  14:18  Widow Mine  
  144  14:23  Widow Mine x3  
  127  14:26  Widow Mine x4  
  123  14:32  Battlecruiser x2  
  123  14:36  Widow Mine x3  
  123  14:37  Widow Mine  
  143  14:40  Widow Mine  
  145  14:47  Widow Mine  
  145  14:52  Widow Mine x3  
  151  14:54  Widow Mine  
  151  14:55  Widow Mine x2, Missile Turret  
  159  15:04  Battlecruiser  
  165  15:09  Planetary Fortress  
  165  15:11  Widow Mine x2  
  169  15:15  Terran Vehicle And Ship Armor Level 1  
  169  15:23  Missile Turret  
  169  15:24  Missile Turret  
  169  15:32  Widow Mine  
  169  15:33  Battlecruiser  
  177  15:37  Armory  
  177  15:46  Widow Mine x4  
  177  15:47  Widow Mine x3  
  191  15:52  Sensor Tower  
  191  15:56  Widow Mine x3  
  197  16:01  Widow Mine x2  
  155  16:32  Orbital Command, Command Center  
  155  16:50  Widow Mine x5  
  165  16:54  Missile Turret  
  165  17:05  Terran Ship Weapons Level 1  
  159  17:19  Missile Turret x2  
  159  17:33  Battlecruiser  
  159  17:36  Sensor Tower  
  165  17:44  Battlecruiser  
  171  17:52  Missile Turret  
  171  18:04  Battlecruiser x2  
  183  18:11  Sensor Tower  
  183  18:25  Widow Mine  
  183  18:26  Widow Mine x7  
  199  18:59  Terran Vehicle And Ship Armor Level 2  
  199  19:01  Terran Ship Weapons Level 2  
  195  19:22  Command Center  
  195  19:49  Orbital Command  
  195  19:51  Starport  
  195  19:53  Starport  
  193  20:26  Refinery x2  
  193  20:27  Command Center  
  193  20:32  Battlecruiser  
  199  20:42  Planetary Fortress  
  199  20:47  Refinery x2  
  192  21:04  Battlecruiser  
  178  21:52  Widow Mine x11  
  188  22:06  Battlecruiser x3  
  198  22:14  Widow Mine x2  
  189  22:28  Widow Mine  
  189  22:29  Widow Mine x5  
  191  22:53  Widow Mine x4  
Show
View Real Time Build Order
Export as new Build Order

SolarLife Zerg 

Build Orders: Hatch First 

Get SALT Encoding   

  12  0:02  Drone  
  13  0:12  Overlord  
  13  0:20  Drone  
  14  0:31  Drone x2  
  16  0:36  Drone  
  17  0:54  Hatchery  
  17  0:55  Drone  
  17  0:59  Drone  
  18  1:09  Extractor  
  17  1:14  Spawning Pool  
  17  1:18  Drone  
  17  1:20  Drone  
  18  1:28  Drone  
  19  1:42  Overlord  
  19  2:01  Zergling x4  
  19  2:02  Queen  
  19  2:06  Drone  
  19  2:07  Queen  
  26  2:12  Drone  
  26  2:14  Metabolic Boost  
  27  2:18  Drone  
  28  2:24  Drone  
  28  2:28  Drone  
  30  2:32  Extractor  
  30  2:33  Drone  
  30  2:34  Roach Warren  
  29  2:41  Drone  
  30  2:46  Overlord  
  30  2:49  Drone  
  31  2:56  Drone  
  32  3:00  Drone  
  33  3:06  Drone  
  33  3:11  Drone  
  35  3:16  Roach x4  
  35  3:18  Overlord  
  43  3:39  Zergling x2  
  43  3:40  Zergling x8  
  48  3:42  Lair  
  48  3:44  Drone x3  
  48  3:46  Drone  
  52  3:56  Overlord x2  
  52  4:00  Overlord  
  52  4:05  Overlord  
  52  4:10  Overlord  
  52  4:15  Drone x3  
  55  4:20  Ravager x3  
  55  4:21  Ravager  
  55  4:22  Drone x2  
  61  4:26  Overlord  
  61  4:29  Extractor  
  61  4:30  Extractor  
  59  4:31  Drone x2  
  59  4:36  Drone x2  
  63  4:43  Overseer  
  61  4:46  Drone  
  62  4:55  Spire  
  61  5:21  Drone x2  
  61  5:22  Drone  
  64  5:29  Drone  
  64  5:30  Drone x3  
  64  5:33  Overlord x2  
  64  5:35  Drone  
  69  5:39  Evolution Chamber  
  68  5:43  Hatchery, Evolution Chamber  
  61  5:54  Drone x3  
  64  6:08  Mutalisk  
  64  6:09  Mutalisk x7  
  80  6:12  Spore Crawler  
  80  6:14  Spore Crawler  
  80  6:17  Drone  
  80  6:18  Drone x2  
  81  6:19  Drone  
  81  6:21  Zerg Missile Weapons Level 1  
  81  6:23  Drone  
  83  6:30  Drone  
  83  6:31  Drone  
  85  6:45  Glial Reconstitution, Zerg Ground Armor Level 1  
  85  6:47  Drone x6  
  85  6:48  Drone  
  92  6:58  Overlord  
  92  6:59  Drone x2  
  94  7:02  Overlord  
  94  7:05  Extractor  
  94  7:06  Extractor  
  94  7:08  Overlord  
  92  7:16  Hatchery  
  91  7:28  Drone x5  
  91  7:29  Drone x4  
  100  7:40  Roach x7  
  100  7:42  Hatchery, Overseer  
  100  7:43  Roach  
  115  7:49  Roach  
  117  7:55  Roach x2  
  121  7:59  Roach  
  121  8:02  Ravager  
  124  8:06  Ravager x5  
  124  8:07  Roach x4  
  124  8:08  Roach  
  124  8:12  Infestation Pit, Drone x2  
  140  8:15  Zerg Missile Weapons Level 2  
  140  8:18  Drone  
  140  8:19  Overlord  
  141  8:22  Overlord  
  131  9:09  Drone x6  
  137  9:12  Hive  
  137  9:13  Drone x2  
  137  9:14  Drone x5  
  144  9:17  Extractor  
  144  9:19  Extractor  
  144  9:20  Roach x2  
  144  9:21  Roach x6  
  140  9:34  Hatchery  
  140  9:37  Roach x8  
  155  9:44  Ravager x2  
  157  9:51  Zerg Ground Armor Level 2  
  157  10:09  Corruptor x4, Overlord  
  157  10:11  Overlord x2  
  165  10:14  Overlord x2  
  165  10:27  Queen  
  167  11:09  Greater Spire  
  165  11:13  Zerg Missile Weapons Level 3  
  165  11:14  Ultralisk Cavern  
  165  11:15  Overlord x2  
  165  11:16  Drone x6  
  165  11:17  Drone x4  
  174  11:19  Extractor  
  174  11:20  Extractor  
  160  11:46  Overseer  
  160  11:57  Overlord x2  
  160  12:05  Chitinous Plating  
  160  12:15  Corruptor x2  
  160  12:16  Corruptor x2  
  164  12:31  Brood Lord x4  
  172  12:46  Ultralisk  
  172  12:47  Ultralisk x3  
  172  12:50  Corruptor x2  
  200  13:03  Spore Crawler, Spine Crawler  
  200  13:04  Spore Crawler  
  200  13:05  Spore Crawler, Spine Crawler, Zerg Ground Armor Level 3  
  195  13:06  Spore Crawler x2  
  195  13:08  Spine Crawler x2  
  195  13:09  Spine Crawler  
  168  13:27  Brood Lord x4  
  176  13:35  Zerg Flyer Weapons Level 1  
  176  13:39  Brood Lord x2  
  141  14:01  Ultralisk  
  141  14:02  Ultralisk x8  
  189  14:17  Corruptor  
  189  14:18  Corruptor x5  
  172  14:37  Corruptor  
  172  14:38  Corruptor x6, Overlord  
  168  14:41  Drone x2  
  168  14:42  Drone x3  
  168  14:44  Corruptor  
  179  14:49  Overseer  
  179  14:50  Overseer x2  
  175  14:53  Zergling x8  
  175  14:54  Zergling x16  
  175  14:55  Zergling x2  
  188  15:27  Zergling x6  
  188  15:28  Zergling x18  
  198  15:46  Pneumatized Carapace  
  179  16:02  Corruptor x2  
  179  16:03  Corruptor x8  
  179  16:04  Corruptor x2  
  129  16:39  Overseer  
  129  16:41  Overseer  
  129  16:44  Brood Lord x4  
  129  16:45  Brood Lord x4, Queen x6  
  155  16:50  Overseer  
  155  17:20  Queen x2  
  155  17:21  Queen x4  
  167  17:31  Corruptor x3  
  167  17:37  Overseer  
  173  17:39  Overseer x3  
  173  17:56  Queen x3  
  179  18:13  Queen x3  
  170  18:32  Queen  
  170  19:53  Queen  
  170  19:54  Queen x2  
  176  20:08  Queen x2  
  176  20:09  Queen  
  176  20:13  Ultralisk  
  176  20:14  Ultralisk x2  
  200  20:17  Zerg Melee Weapons Level 1  
  97  22:06  Corruptor  
  97  22:07  Corruptor x22  
Tags
 
Composition
Mech
Matchup
TvZ
Add a new tag
Caveats
  • Supply blocks, unpowered buildings, or Contaminate may cause inaccurate times.
  • Supply counts are checked every 10 seconds.